 Dungeon Crawl Stone Soup version 0.30-a0-777-ga9a30cbeda (webtiles) character file.

Game seed: 16742485441805224345

35 Crownlay the Conjurer (level 3, -10/26 HPs)
             Began as a Draconian Conjurer on Feb 13, 2023.
             Mangled by a gnoll
             ... wielding a +3 flail
              (13 damage)
             ... on level 2 of the Dungeon.
             The game lasted 00:01:33 (1135 turns).

Crownlay the Conjurer (Draconian Conjurer)          Turns: 1135, Time: 00:01:33

Health: -10/26     AC:  5    Str:  9    XL:     3   Next: 17%
Magic:  0/7        EV: 12    Int: 20    God:
Gold:   64         SH:  5    Dex:  9    Spells: 4/7 levels left

rFire   . . .      SeeInvis .    (no weapon)
rCold   . . .      Faith    .    (no shield)
rNeg    . . .      Spirit   .    (body armour unavailable)
rPois   .          Reflect  +    (helmet restricted)
rElec   .          Harm     .    (no cloak)
rCorr   .          Rampage  .    (no gloves)
Will    .....                    (no boots)
Stlth   ++                       d - amulet of reflection
HPRegen 0.24/turn                (no ring)
MPRegen 0.10/turn                (no ring)

@: no status effects
A: AC +5, unfitting armour, cold-blooded
a: no special abilities


You were on level 2 of the Dungeon.
You visited 1 branch of the dungeon, and saw 2 of its levels.

You collected 64 gold pieces.

Inventory:

Jewellery
 d - an amulet of reflection (around neck)
 m - a ring of ice
Scrolls
 b - 3 scrolls of immolation {unknown}
 h - 2 scrolls of identify {unknown}
 i - a scroll of teleportation {unknown}
 l - a scroll of fear {unknown}
Potions
 a - a potion of magic
 c - a potion of heal wounds {unknown}
 e - 3 potions of attraction {unknown}
 f - 3 potions of degeneration {unknown}
 g - 3 potions of curing {unknown}
 j - 2 potions of berserk rage {unknown}
 k - a potion of cancellation {unknown}


   Skills:
 - Level 1.7 Dodging
 - Level 1.7 Stealth
 * Level 2.8 Spellcasting
 * Level 4.5 Conjurations


You had 4 spell levels left.
You knew the following spells:

 Your Spells              Type           Power      Damage    Failure   Level
a - Magic Dart            Conj           84%        1d7       2%          1
b - Searing Ray           Conj           42%        2d6       3%          2

Your spell library contained the following spells:

 Spells                   Type           Power      Damage    Failure   Level
 Summon Small Mammal      Summ           8%         N/A       14%         1
 Dazzling Flash           Conj/Hex       22%        N/A       17%         3
 Call Imp                 Summ           2%         N/A       22%         2
 Mephitic Cloud           Conj/Pois/Air  8%         N/A       24%         3
 Call Canine Familiar     Summ           2%         N/A       41%         3
 Summon Guardian Golem    Hex/Summ       2%         N/A       41%         3
 Fulminant Prism          Conj/Hex       5%         3d6       50%         4
 Iskenderun's Mystic Bla  Conj/Tloc      11%        2d4       50%         4


Dungeon Overview and Level Annotations

Branches:
Dungeon (2/15)

Altars:
Dithmenos


Innate Abilities, Weirdness & Mutations

Your plain brown scales are hard. (AC +5)
You cannot fit into any form of body armour.
You are cold-blooded and may be slowed by cold attacks.


Message History

The gnoll is severely wounded.
Without enough magic to sustain it, your searing ray dissipates.
The gnoll hits you with a +0 whip.
Casting: Searing Ray (safe; 4% risk of failure)
Confirm with . or Enter, or press ? or * to list all spells.
You don't know that spell.
You hit the gnoll but do no damage. You tail-slap the gnoll.
The gnoll is almost dead.
The gnoll hits you with a +0 whip.
Something hits the plant.
The plant begins to die.
The gnoll attacks as you move away! The gnoll hits you with a +0 whip.
* * * LOW HITPOINT WARNING * * *
The gnoll attacks as you move away! The gnoll hits you with a +0 whip.
* * * LOW HITPOINT WARNING * * *
There is a shadowy altar of Dithmenos here.
The gnoll attacks as you move away! The gnoll hits you with a +0 whip.
* * * LOW HITPOINT WARNING * * *
Casting: Searing Ray (safe; 4% risk of failure)
Confirm with . or Enter, or press ? or * to list all spells.
Aiming: Magic Dart (safe; 2% risk of failure)
Press: ? - help, Shift-Dir - straight line, f - gnoll
Aim: a gnoll, wielding a +0 whip (severely wounded, 100% to hit)
The magic dart hits the gnoll.
You kill the gnoll!
You have reached level 3!
Your experience leads to an increase in your attributes!
Increase (S)trength, (I)ntelligence, or (D)exterity?
You feel clever. x2; Your scales feel tougher.
You see here a ball python corpse.
Casting: Magic Dart (safe; 2% risk of failure)
Confirm with . or Enter, or press ? or * to list all spells.
Aiming: Magic Dart (safe; 2% risk of failure)
Press: ? - help, Shift-Dir - straight line, f - gnoll
Aim: a gnoll, wielding a +3 flail (100% to hit)
The magic dart hits the gnoll.
The gnoll is moderately wounded.
You block the gnoll's attack. The gnoll attacks as you move away!
The gnoll hits you with a +3 flail!
Ouch! That really hurt!
You die...

#....##
#.##..##
#......# ..
#......# ...
#..._..# ..
##.....# .#
#.....# ##.#
###)#.###..#
#.g@..#.#
#####...# .
##..# .
#..######.#
#.........#
####...######
#######....#.#
#..........#.##
#..........#..#


You could see a gnoll.

Vanquished Creatures
  2 gnolls (D:2)
  A worm (D:2)
  2 bats
  An endoplasm (D:1)
  A goblin (D:1)
  A hobgoblin (D:1)
  2 ball pythons (D:2)
  A frilled lizard (D:1)
  2 kobolds (D:2)
  2 rats
15 creatures vanquished.

Vanquished Creatures (others)
  7 plants (D:2)
7 creatures vanquished.

Grand Total: 22 creatures vanquished

Notes
Turn   | Place    | Note
-------+----------+-------------------------------------------
     0 | D:1      | Crownlay the Draconian Conjurer began the quest for the
                  | Orb.
     0 | D:1      | Reached XP level 1. HP: 14/14 MP: 3/3
   175 | D:1      | Found a faded altar of an unknown god.
   746 | D:2      | Reached XP level 2. HP: 20/20 MP: 0/5
   802 | D:1      | Learned a level 2 spell: Searing Ray
  1057 | D:2      | Found a shadowy altar of Dithmenos.
  1130 | D:2      | HP: 1/20 [gnoll/+0 whip (5)]
  1132 | D:2      | Reached XP level 3. HP: 2/26 MP: 0/7
  1135 | D:2      | Mangled by a gnoll

Illustrated notes

Levels and vault maps discovered:
D:1:      wander_arrival_peaceful_grave, layout_loops_cross,
          ebering_ecumenical_altar_webs
D:2:      layout_rooms, basic_altar, minmay_misc_feat_more_columns,
          serial_bayou_pond_a, grunt_ministairs_14, kennysheep_flooded_box,
          nicolae_grassy_gnolls

Action                     || total
---------------------------++-------
  Melee: Unarmed           ||     1
         Tailslap          ||     1
   Cast: Magic Dart        ||    25
         Searing Ray       ||     2
 Armour: Skin              ||     1
  Dodge: Dodged            ||     3
  Block: Other             ||     3

Table legend: (Time is in decaauts)
 A = Elapsed time spent in this place.
 B = Non-inter-level travel time spent in this place.
 C = Inter-level travel time spent in this place.
 D = Time resting spent in this place.
 E = Time spent auto-exploring this place.
 F = Levels seen in this place.
 G = Mean time per level.
                   A        B        C        D        E       F      G
               +--------+--------+--------+--------+--------+-----+--------+
         Total |   1135 |   1105 |     30 |      0 |    986 |   2 |  567.5 |
       Dungeon |   1135 |   1105 |     30 |      0 |    986 |   2 |  567.5 |
               +--------+--------+--------+--------+--------+-----+--------+

Top non-repeatable levels by time:
     D:1: 798 daAuts
     D:2: 337 daAuts
